 Dungeon Crawl Stone Soup version 0.24-a0-496-gbe733cd003 (webtiles) character file.

Game seed: 1100230525018527435

280 Akello the Skirmisher (level 6, 0/56 HPs)
             Began as a Hill Orc Fighter on July 12, 2019.
             Succumbed to a scorpion's poison
             ... in an ossuary.
             The game lasted 00:03:24 (2563 turns).

Akello the Skirmisher (Hill Orc Fighter)            Turns: 2563, Time: 00:03:25

Health: 0/56       AC:  7    Str: 26    XL:     6   Next: 27%
Magic:  6/6        EV:  8    Int:  8    God:
Gold:   90         SH: 10    Dex: 10    Spells: 5/5 levels left

rFire    . . .     SeeInvis .   a - +0 war axe
rCold    . . .     Gourm    .   c - +0 shield
rNeg     . . .     Faith    .   b - +0 scale mail
rPois    .         Spirit   .   (no helmet)
rElec    .         Reflect  .   e - +0 cloak
rCorr    .         Harm     .   (no gloves)
MR       .....                  (no boots)
Stlth    ..........             i - amulet of the acrobat
HPRegen  0.18/turn              (no ring)
MPRegen  0.10/turn              (no ring)

@: mighty, lethally poisoned (0 -> -1), very slightly contaminated
A: iridescent scales 1, blurry vision 1, deformed body
a: no special abilities


You were in an ossuary.
You were hungry.

You visited 1 branch of the dungeon, and saw 4 of its levels.
You also visited: Ossuary.

You collected 90 gold pieces.

Inventory:

Hand Weapons
 a - a +0 war axe (weapon)
Armour
 b - a +0 scale mail (worn)
 c - a +0 shield (worn)
 e - a +0 cloak (worn)
Jewellery
 i - an amulet of the acrobat (around neck)
Scrolls
 g - a scroll of fear
 j - a scroll of identify {unknown}
 l - a scroll of teleportation
 m - a scroll of enchant armour {unknown}
Comestibles
 f - 7 rations


   Skills:
 + Level 5.1 Fighting
 + Level 4.8 Axes
 + Level 4.6 Armour
 + Level 4.7 Shields


You had 5 spell levels left.
You didn't know any spells.
Your spell library was empty.

Dungeon Overview and Level Annotations

Branches:
Dungeon (4/15)
 Temple: D:4-7

Altars:
Kikubaaqudgha


Innate Abilities, Weirdness & Mutations

You are partially covered in iridescent scales. (AC +2)
Scrolls take you a little longer to read.
Armour fits poorly on your strangely shaped body.


Message History

You start resting.
Your transformation is almost over.
You start resting.
* * * LOW HITPOINT WARNING * * *
You feel sick.
You start resting.
* * * LOW HITPOINT WARNING * * *
You feel sick.
You start resting.
You feel less wooden.
Your +0 cloak unmelds from your body.
Your +0 scale mail unmelds from your body.
You begin reading the scroll.
You continue reading the scroll.
Blink to where?
Press: ? - help, Dir - move target cursor You are very lightly contaminated with residual magic.
As you read the scroll labeled YRYKESUO KAUR, it crumbles to dust.
It was a scroll of blinking.
You begin reading the scroll.
You continue reading the scroll.
You die...

############# ######
#.....#.....# #...#.
#.....#.....+ #.∩.'.
#.....8.....# #...#.
#...........##+###'###
#....@..§...#?..#...#.
###8.....8###?..#...8.
#...........#M!?#.....
#...........######8...
#.....8.....#^^^#.....
#.....#.....'^^^#...8.
#.....#.....#^^^#...#.
##+###########'#######
#...#...#^


There were no monsters in sight!

Vanquished Creatures
  A scorpion (Ossuary)
  A howler monkey (D:3)
  An iguana (D:4)
  Natasha (twice) (D:3)
  A scorpion zombie (Ossuary)
  4 adders (D:2)
  An ooze (D:3)
  A worm (D:2)
  A dart slug (D:3)
  3 orcs (D:4)
  3 ball pythons
  2 giant cockroaches
  7 goblins
  4 hobgoblins
  7 jackals (D:3)
  2 quokkas (D:3)
  3 bats
  5 frilled lizards
  3 hobgoblin zombies
  A jackal zombie (D:4)
  3 kobolds
  2 kobold zombies
  5 rats
63 creatures vanquished.

Notes
Turn   | Place    | Note
-------+----------+-------------------------------------------
     0 | D:1      | Akello the Hill Orc Fighter began the quest for the Orb.
     0 | D:1      | Reached XP level 1. HP: 19/19 MP: 1/1
   268 | D:1      | You fall into a shaft and drop 1 floor!
   280 | D:2      | Reached XP level 2. HP: 27/27 MP: 2/2
   391 | D:2      | Reached skill level 4 in Fighting
   391 | D:2      | Reached XP level 3. HP: 28/33 MP: 3/3
   888 | D:2      | Reached XP level 4. HP: 19/40 MP: 4/4
  1162 | D:3      | Gained mutation: Armour fits poorly on your strangely
                  | shaped body. [potion of mutation]
  1162 | D:3      | Gained mutation: Scrolls take you a little longer to read.
                  | [potion of mutation]
  1162 | D:3      | Gained mutation: You are partially covered in iridescent
                  | scales. (AC +2) [potion of mutation]
  1215 | D:3      | Noticed Natasha
  1222 | D:3      | Killed Natasha
  1336 | D:3      | Noticed Natasha
  1346 | D:3      | Killed Natasha
  1346 | D:3      | Reached XP level 5. HP: 28/47 MP: 5/5
  1554 | D:3      | Found an ancient bone altar of Kikubaaqudgha.
  2289 | D:4      | Found a sand-covered staircase.
  2306 | Ossuary  | Entered an ossuary
  2445 | Ossuary  | Reached XP level 6. HP: 46/55 MP: 6/6
  2539 | Ossuary  | Reached skill level 5 in Fighting
  2539 | Ossuary  | HP: 4/84 [poisoned by a scorpion]
  2544 | Ossuary  | HP: 3/84 [poisoned by a scorpion]
  2550 | Ossuary  | HP: 1/84 [poisoned by a scorpion]
  2558 | Ossuary  | HP: 1/84 [poisoned by a scorpion]
  2563 | Ossuary  | Succumbed to a scorpion's poison

Levels and vault maps discovered:
D:1:      mushboom_english_gardens, layout_basic
D:2:      layout_basic, minmay_pentomino_u2
D:3:      layout_basic, lemuel_round_altar, uniq_natasha
D:4:      layout_rooms, first_ration, enter_ossuary_3, uniq_blork_the_orc
Ossuary:  ossuary_minmay_scorpions

Skill      XL: |  1  2  3  4  5  6 |
---------------+-------------------+-----
Axes           | 3 4 |  4.8
Fighting       | 4 5 |  5.1
Shields        | 4 |  4.7
Armour         | 4 |  4.6

Action                   |  1- 3 |  4- 6 || total
-------------------------+-------+-------++-------
Melee: War axe           |   104 |   127 ||   231
  Use: Potion            |       |     6 ||     6
       Scroll            |       |     4 ||     4
  Eat: Chunk             |       |     5 ||     5
Armor: Scale mail        |    52 |    50 ||   102
       Skin              |       |     5 ||     5
Dodge: Dodged            |    33 |    43 ||    76
Block: Shield            |    54 |    63 ||   117

Table legend:
 A = Non-vault XP
 B = Vault XP
 C = Vault XP percentage of total XP
 D = Non-vault monster count
 E = Vault monster count
 F = Vault count percentage of total count
                 A         B        C        D         E       F
            +---------+---------+-------+---------+---------+-------
      Total |     260 |     141 |  35.2 |      52 |      11 |  17.5
            +---------+---------+-------+---------+---------+-------
        D:1 |       6 |       0 |   0.0 |       4 |       0 |   0.0
        D:2 |      67 |      14 |  17.3 |      19 |       2 |   9.5
        D:3 |     140 |      35 |  20.0 |      24 |       1 |   4.0
        D:4 |      47 |       3 |   6.0 |       5 |       3 |  37.5
    Ossuary |       0 |      89 | 100.0 |       0 |       5 | 100.0
            +---------+---------+-------+---------+---------+-------
